| TOP OF THE 1ST |
|
Orlando Devil Rays batting - Pitching for Minnesota Twins : RHP Juan Guzman
|
|
Pitching: RHP Juan Guzman
|
|
|
Batting: RHB Craig Biggio
|
0-0: Foul Ball, location: 2F 0-1: Ball 1-1: Foul Ball, location: 2F 1-2: Foul Ball, location: 2F 1-2: Foul Ball, location: 2F 1-2: DOUBLE (Line Drive, 89D, EV 105.6 MPH)
|
|
Batting: RHB Tim Salmon
|
0-0: Ball 1-0: Ball 2-0: Ball 3-0: Called Strike 3-1: Swinging Strike 3-2: Foul Ball, location: 2F 3-2: Foul Ball, location: 2F 3-2: Strikes out looking
|
|
Batting: RHB Ron Gant
|
0-0: Ball 1-0: Foul Ball, location: 2F 1-1: Ball 2-1: Foul Ball, location: 2F 2-2: Foul Ball, location: 2F 2-2: Ball Wild Pitch! Craig Biggio to third 3-2: SINGLE (Flyball, 9LS, EV 87.5 MPH) Craig Biggio scores
|
|
Batting: RHB Jeff Bagwell
|
0-0: Called Strike 0-1: Ball 1-1: Grounds into double play, 5-4-3 (Groundball, 56S, EV 91.3 MPH)
|
| Top of the 1st over - 1 run, 2 hits, 0 errors, 0 left on base; Orlando 1 - Minnesota 0 |
| BOTTOM OF THE 1ST |
|
Minnesota Twins batting - Pitching for Orlando Devil Rays : RHP John Smoltz
|
|
Pitching: RHP John Smoltz
|
|
|
Batting: LHB Darin Erstad
|
0-0: Ball 1-0: Ball 2-0: Ball 3-0: Called Strike 3-1: Base on Balls
|
|
Batting: LHB Kal Daniels
|
0-0: Ball 1-0: Called Strike 1-1: Swinging Strike 1-2: Ball 2-2: Fly out, F7 (Flyball, 7S, EV 93.8 MPH)
|
|
Batting: RHB Frank Thomas
|
0-0: Ball 1-0: Called Strike 1-1: Ball 2-1: Ball 3-1: Foul Ball, location: 2F 3-2: Fly out, F8 (Line Drive, 8RD, EV 92.5 MPH)
|
|
Batting: LHB Larry Walker
|
0-0: Ball 1-0: Called Strike 1-1: Foul Ball, location: 2F 1-2: Strikes out swinging
|
| Bottom of the 1st over - 0 runs, 0 hits, 0 errors, 1 left on base; Orlando 1 - Minnesota 0 |
| TOP OF THE 2ND |
|
Orlando Devil Rays batting - Pitching for Minnesota Twins : RHP Juan Guzman
|
|
Batting: LHB Paul O'Neill
|
0-0: Foul Ball, location: 2F 0-1: Swinging Strike 0-2: Ball 1-2: Ball 2-2: Foul Ball, location: 2F 2-2: Fly out, F3 (Popup, 3SF, EV 72.5 MPH)
|
|
Batting: RHB Brian Jordan
|
0-0: Called Strike 0-1: Fly out, F3 (Popup, 34S, EV 88.1 MPH)
|
|
Batting: SHB Jose Valentin
|
0-0: Ball 1-0: Called Strike 1-1: Ball 2-1: Ground out 4-3 (Groundball, 4, EV 86.9 MPH)
|
| Top of the 2nd over - 0 runs, 0 hits, 0 errors, 0 left on base; Orlando 1 - Minnesota 0 |
| BOTTOM OF THE 2ND |
|
Minnesota Twins batting - Pitching for Orlando Devil Rays : RHP John Smoltz
|
|
Batting: RHB Koji Akiyama
|
0-0: SOLO HOME RUN (Flyball, 7D, EV 86.9 MPH), Distance : 357 ft
|
|
Batting: SHB Brent Gates
|
0-0: Ball 1-0: Ball 2-0: Called Strike 2-1: Ball 3-1: Foul Ball, location: 2F 3-2: Strikes out looking
|
|
Batting: RHB Mark Grudzielanek
|
0-0: Ball 1-0: Fly out, F5 (Line Drive, 5, EV 65.6 MPH)
|
|
Batting: RHB Eddie Perez
|
0-0: Fly out, F2 (Popup, 15S, EV 93.8 MPH)
|
| Bottom of the 2nd over - 1 run, 1 hit, 0 errors, 0 left on base; Orlando 1 - Minnesota 1 |
| TOP OF THE 3RD |
|
Orlando Devil Rays batting - Pitching for Minnesota Twins : RHP Juan Guzman
|
|
Batting: RHB Ivan Rodriguez
|
0-0: Ball 1-0: Called Strike 1-1: Called Strike 1-2: Strikes out swinging
|
|
Batting: SHB Jose Oquendo
|
0-0: Ball 1-0: Ball 2-0: Called Strike 2-1: Ball 3-1: Called Strike 3-2: DOUBLE (Line Drive, 5D, EV 102.5 MPH)
|
|
Batting: RHB Craig Biggio
|
0-0: Foul Ball, location: 2F 0-1: Ball 1-1: Ground out 4-3 (Groundball, 4, EV 88.1 MPH) Jose Oquendo to third
|
|
Batting: RHB Tim Salmon
|
0-0: Foul Ball, location: 2F 0-1: Ball 1-1: Swinging Strike 1-2: Ball 2-2: Ball 3-2: Strikes out swinging
|
| Top of the 3rd over - 0 runs, 1 hit, 0 errors, 1 left on base; Orlando 1 - Minnesota 1 |
| BOTTOM OF THE 3RD |
|
Minnesota Twins batting - Pitching for Orlando Devil Rays : RHP John Smoltz
|
|
Batting: RHB Rey Ordonez
|
0-0: Ground out U3 (Groundball, 3, EV 103.1 MPH)
|
|
Batting: LHB Darin Erstad
|
0-0: Bunt missed! 0-1: Ball 1-1: Ball 2-1: Swinging Strike 2-2: Strikes out swinging
|
|
Batting: LHB Kal Daniels
|
0-0: Called Strike 0-1: Foul Ball, location: 2F 0-2: Foul Ball, location: 2F 0-2: Strikes out swinging
|
| Bottom of the 3rd over - 0 runs, 0 hits, 0 errors, 0 left on base; Orlando 1 - Minnesota 1 |
| TOP OF THE 4TH |
|
Orlando Devil Rays batting - Pitching for Minnesota Twins : RHP Juan Guzman
|
|
Batting: RHB Ron Gant
|
0-0: Ball 1-0: Called Strike 1-1: Ball 2-1: Ball 3-1: Foul Ball, location: 2F 3-2: Ground out 6-3 (Groundball, 6M, EV 86.3 MPH)
|
|
Batting: RHB Jeff Bagwell
|
0-0: Foul Ball, location: 2F 0-1: Swinging Strike 0-2: Ball 1-2: Ball 2-2: Strikes out swinging
|
|
Batting: LHB Paul O'Neill
|
0-0: Swinging Strike 0-1: Ball 1-1: Foul Ball, location: 2F 1-2: Ball 2-2: Ball 3-2: SOLO HOME RUN (Flyball, 9LD, EV 103.8 MPH), Distance : 352 ft
|
|
Batting: RHB Brian Jordan
|
0-0: Called Strike 0-1: Foul Ball, location: 2F 0-2: Ball 1-2: Ball 2-2: Ball 3-2: Strikes out swinging
|
| Top of the 4th over - 1 run, 1 hit, 0 errors, 0 left on base; Orlando 2 - Minnesota 1 |
| BOTTOM OF THE 4TH |
|
Minnesota Twins batting - Pitching for Orlando Devil Rays : RHP John Smoltz
|
|
Batting: RHB Frank Thomas
|
0-0: Foul Ball, location: 2F 0-1: Ball 1-1: Foul Ball, location: 2F 1-2: SOLO HOME RUN (Flyball, 78XD, EV 95.6 MPH), Distance : 395 ft
|
|
Batting: LHB Larry Walker
|
0-0: Ball 1-0: Ball 2-0: Ball 3-0: Base on Balls
|
|
Batting: RHB Koji Akiyama
|
0-0: Ball 1-0: Fielders Choice at 2nd, 5-4 (Groundball, 56, EV 88.8 MPH)
|
|
Batting: SHB Brent Gates
|
0-0: Called Strike 0-1: Ball Koji Akiyama is caught stealing 2nd base 2-6 1-1: Ball 2-1: Swinging Strike 2-2: Ground out 4-3 (Groundball, 4, EV 88.1 MPH)
|
| Bottom of the 4th over - 1 run, 1 hit, 0 errors, 0 left on base; Orlando 2 - Minnesota 2 |
| TOP OF THE 5TH |
|
Orlando Devil Rays batting - Pitching for Minnesota Twins : RHP Juan Guzman
|
|
Batting: SHB Jose Valentin
|
0-0: Called Strike 0-1: Ball 1-1: Foul Ball, location: 2F 1-2: Ball 2-2: Foul Ball, location: 2F 2-2: Strikes out looking
|
|
Batting: RHB Ivan Rodriguez
|
0-0: DOUBLE (Line Drive, 89XD, EV 104.4 MPH)
|
|
Batting: SHB Jose Oquendo
|
0-0: Ball 1-0: Ball 2-0: Ball 3-0: Base on Balls
|
|
Batting: RHB Craig Biggio
|
0-0: Ball 1-0: DOUBLE (Flyball, 8RXD, EV 111.9 MPH) Ivan Rodriguez scores Jose Oquendo to third Runner from 3rd tries for Home, SAFE, no throw by CF
|
|
Batting: RHB Tim Salmon
|
0-0: Called Strike Craig Biggio steals 3rd, throwing error, E2 Craig Biggio scores 0-1: Ball 1-1: Ball 2-1: Called Strike 2-2: Foul Ball, location: 2F 2-2: Ground out 5-3 (Groundball, 56, EV 101.9 MPH)
|
|
Batting: RHB Ron Gant
|
0-0: Ball 1-0: Ball 2-0: Ground out 6-3 (Groundball, 56, EV 101.3 MPH)
|
| Top of the 5th over - 3 runs, 2 hits, 1 error, 0 left on base; Orlando 5 - Minnesota 2 |
| BOTTOM OF THE 5TH |
|
Minnesota Twins batting - Pitching for Orlando Devil Rays : RHP John Smoltz
|
|
Batting: RHB Mark Grudzielanek
|
0-0: Ground out 5-3 (Groundball, 56S, EV 71.3 MPH)
|
|
Batting: RHB Eddie Perez
|
0-0: Ball 1-0: Foul Ball, location: 2F 1-1: Called Strike 1-2: Ground out 6-3 (Groundball, 6M, EV 100.0 MPH)
|
|
Batting: RHB Rey Ordonez
|
0-0: Called Strike 0-1: Ball 1-1: Called Strike 1-2: Fly out, F4 (Line Drive, 4, EV 72.5 MPH)
|
| Bottom of the 5th over - 0 runs, 0 hits, 0 errors, 0 left on base; Orlando 5 - Minnesota 2 |
| TOP OF THE 6TH |
|
Orlando Devil Rays batting - Pitching for Minnesota Twins : RHP Juan Guzman
|
|
Pitching: RHP Doug Piatt
|
|
|
Batting: RHB Jeff Bagwell
|
0-0: Ball 1-0: Ball 2-0: Called Strike 2-1: Foul Ball, location: 2F 2-2: Ball 3-2: Strikes out swinging
|
|
Batting: LHB Paul O'Neill
|
0-0: Swinging Strike 0-1: Called Strike 0-2: Ball 1-2: Ball 2-2: SINGLE (Flyball, 9S, EV 95.6 MPH)
|
|
Batting: RHB Brian Jordan
|
0-0: Called Strike 0-1: Foul Ball, location: 2F 0-2: Strikes out swinging
|
|
Batting: SHB Jose Valentin
|
0-0: Foul Ball, location: 2F 0-1: Ball Paul O'Neill steals 2nd base 1-1: Foul Ball, location: 2F 1-2: Strikes out looking
|
| Top of the 6th over - 0 runs, 1 hit, 0 errors, 1 left on base; Orlando 5 - Minnesota 2 |
| BOTTOM OF THE 6TH |
|
Minnesota Twins batting - Pitching for Orlando Devil Rays : RHP John Smoltz
|
|
Batting: LHB Darin Erstad
|
0-0: Called Strike 0-1: SOLO HOME RUN (Flyball, 78XD, EV 92.5 MPH), Distance : 409 ft
|
|
Batting: LHB Kal Daniels
|
0-0: Ball 1-0: Foul Ball, location: 2F 1-1: Foul Ball, location: 2F 1-2: Fly out, F7 (Flyball, 7S, EV 91.3 MPH)
|
|
Batting: RHB Frank Thomas
|
0-0: Ball 1-0: Called Strike 1-1: Called Strike 1-2: Strikes out looking
|
|
Batting: LHB Larry Walker
|
0-0: Ball 1-0: Ball 2-0: Called Strike 2-1: SINGLE (Flyball, 7LS, EV 91.3 MPH)
|
|
Batting: RHB Koji Akiyama
|
0-0: Foul Ball, location: 2F 0-1: Called Strike 0-2: Foul Ball, location: 2F 0-2: Ball Larry Walker steals 2nd base 1-2: Strikes out swinging
|
| Bottom of the 6th over - 1 run, 2 hits, 0 errors, 1 left on base; Orlando 5 - Minnesota 3 |
| TOP OF THE 7TH |
|
Orlando Devil Rays batting - Pitching for Minnesota Twins : RHP Doug Piatt
|
|
Batting: RHB Ivan Rodriguez
|
0-0: Called Strike 0-1: Swinging Strike 0-2: Strikes out swinging
|
|
Batting: SHB Jose Oquendo
|
0-0: Called Strike 0-1: Called Strike 0-2: Strikes out looking
|
|
Batting: RHB Craig Biggio
|
0-0: Foul Ball, location: 2F 0-1: Foul Ball, location: 2F 0-2: Ball 1-2: Ground out 6-3 (Groundball, 6, EV 86.3 MPH)
|
| Top of the 7th over - 0 runs, 0 hits, 0 errors, 0 left on base; Orlando 5 - Minnesota 3 |
| BOTTOM OF THE 7TH |
|
Minnesota Twins batting - Pitching for Orlando Devil Rays : RHP John Smoltz
|
|
Batting: SHB Brent Gates
|
0-0: Foul Ball, location: 2F 0-1: Ball 1-1: Swinging Strike 1-2: Ball 2-2: Foul Ball, location: 2F 2-2: Strikes out swinging
|
|
Batting: RHB Mark Grudzielanek
|
0-0: Ground out 4-3 (Groundball, 4, EV 89.4 MPH)
|
|
Batting: RHB Eddie Perez
|
0-0: Called Strike 0-1: Ball 1-1: Ball 2-1: Fly out, F9 (Flyball, 9D, EV 78.8 MPH)
|
| Bottom of the 7th over - 0 runs, 0 hits, 0 errors, 0 left on base; Orlando 5 - Minnesota 3 |
| TOP OF THE 8TH |
|
Orlando Devil Rays batting - Pitching for Minnesota Twins : RHP Doug Piatt
|
|
Batting: RHB Tim Salmon
|
0-0: Called Strike 0-1: Ball 1-1: Swinging Strike 1-2: Ball 2-2: Strikes out swinging
|
|
Batting: RHB Ron Gant
|
0-0: Ball 1-0: Ground out 6-3 (Groundball, 6M, EV 88.1 MPH)
|
|
Batting: RHB Jeff Bagwell
|
0-0: Called Strike 0-1: Ball 1-1: Ball 2-1: Ball 3-1: Base on Balls
|
|
Pitching: RHP Trevor Hoffman
|
|
|
Batting: LHB Paul O'Neill
|
0-0: Called Strike 0-1: Ball 1-1: Called Strike Jeff Bagwell is caught stealing 2nd base 2-6
|
| Top of the 8th over - 0 runs, 0 hits, 0 errors, 0 left on base; Orlando 5 - Minnesota 3 |
| BOTTOM OF THE 8TH |
|
Minnesota Twins batting - Pitching for Orlando Devil Rays : RHP John Smoltz
|
|
Pitching: RHP Xavier Hernandez
|
|
|
Batting: RHB Rey Ordonez
|
0-0: Ball 1-0: Ball 2-0: Ball 3-0: Called Strike 3-1: SINGLE (Groundball, 6MD, EV 94.4 MPH)
|
|
Batting: LHB Darin Erstad
|
0-0: Foul Ball, location: 2F 0-1: Foul Ball, location: 2F 0-2: Ball 1-2: Fielders Choice at 2nd, 6-4 (Groundball, 56, EV 103.1 MPH)
|
|
Batting: LHB Kal Daniels
|
0-0: Ball 1-0: Ball 2-0: Ball 3-0: Called Strike 3-1: Foul Ball, location: 2F 3-2: Ground out U3 (Groundball, 34S, EV 67.5 MPH) Darin Erstad to second
|
|
Batting: RHB Frank Thomas
|
0-0: Ground out U3 (Groundball, 3L, EV 87.5 MPH)
|
| Bottom of the 8th over - 0 runs, 1 hit, 0 errors, 1 left on base; Orlando 5 - Minnesota 3 |
| TOP OF THE 9TH |
|
Orlando Devil Rays batting - Pitching for Minnesota Twins : RHP Trevor Hoffman
|
|
Batting: LHB Paul O'Neill
|
0-0: Ball 1-0: SOLO HOME RUN (Flyball, 9D, EV 112.5 MPH), Distance : 357 ft
|
|
Batting: RHB Brian Jordan
|
0-0: Called Strike 0-1: Ball 1-1: Called Strike 1-2: Strikes out looking
|
|
Batting: SHB Jose Valentin
|
0-0: Ball 1-0: Ball 2-0: Ball 3-0: Base on Balls
|
|
Batting: RHB Ivan Rodriguez
|
0-0: Foul Ball, location: 2F 0-1: Swinging Strike 0-2: Ball 1-2: Ball 2-2: Foul Ball, location: 2F 2-2: Foul Ball, location: 2F 2-2: Ball 3-2: Foul Ball, location: 2F 3-2: Base on Balls Jose Valentin to second
|
|
Pitching: RHP Bob Ayrault
|
|
|
Batting: SHB Jose Oquendo
|
0-0: Foul Ball, location: 2F 0-1: Foul Ball, location: 2F 0-2: Ball 1-2: Strikes out swinging
|
|
Batting: RHB Craig Biggio
|
0-0: Ball 1-0: DOUBLE (Groundball, 5L, EV 101.9 MPH) Jose Valentin scores Ivan Rodriguez to third Runner from 3rd tries for Home, SAFE, throw by LF to trailing runner, SAFE at third!
|
|
Batting: RHB Tim Salmon
|
0-0: Ball 1-0: Ball 2-0: Ball 3-0: Called Strike 3-1: Base on Balls
|
|
Batting: RHB Ron Gant
|
0-0: Called Strike 0-1: Foul Ball, location: 2F 0-2: Ball 1-2: Ball 2-2: Ball 3-2: Ground out 5-3 (Groundball, 5S, EV 84.4 MPH)
|
| Top of the 9th over - 3 runs, 2 hits, 0 errors, 2 left on base; Orlando 8 - Minnesota 3 |
| BOTTOM OF THE 9TH |
|
Minnesota Twins batting - Pitching for Orlando Devil Rays : RHP Xavier Hernandez
|
|
Batting: LHB Larry Walker
|
0-0: Ball 1-0: Ball 2-0: DOUBLE (Line Drive, 7LD, EV 105.0 MPH)
|
|
Batting: RHB Koji Akiyama
|
0-0: Foul Ball, location: 2F 0-1: Ground out 1-3 (Groundball, 13S, EV 63.8 MPH) Larry Walker to third
|
|
Batting: SHB Brent Gates
|
0-0: Ball 1-0: Ball 2-0: Ground out 5-3 (Groundball, 5, EV 103.8 MPH)
|
|
Batting: RHB Mark Grudzielanek
|
0-0: Ball 1-0: Ground out 1-3 (Groundball, 34S, EV 64.4 MPH)
|
| Bottom of the 9th over - 0 runs, 1 hit, 0 errors, 1 left on base; Orlando 8 - Minnesota 3 |
|